 Dungeon Sprint DCSS version 0.30-a0-852-g08b95dd62f (webtiles) character file.

Game seed: 28312896053780

9977 dialectric the Warrior (level 11, -5/111 HPs)
             Began as a Gargoyle Fighter on Mar 4, 2023.
             Was a High Priest of Trog.
             Slain by a cacodemon (7 damage)
             ... in the Dungeon (Sprint II: "The Violet Keep of Menkaure").
             The game lasted 00:08:42 (2140 turns).

dialectric the Warrior (Gargoyle Fighter)           Turns: 2140, Time: 00:08:43

Health: -5/111     AC: 22    Str: 19 (20) XL:     11   Next: 54%
Magic:  11/11      EV: 19    Int:  8 (9)  God:    Trog [*****.]
Gold:   1013       SH:  6    Dex: 11      Spells: 10/10 levels left

rFire   . . .      SeeInvis .    b - +2 falchion (flame)
rCold   . . .      Faith    .    c - +0 buckler
rNeg    + . .      Spirit   .    t - +3 ring mail
rPois   ∞          Reflect  .    x - +0 helmet
rElec   +          Rampage  .    A - +0 cloak
rCorr   .          NoTele   +    (no gloves)
Will    .....                    (no boots) Stlth
                                 (no amulet)
HPRegen 0.38/turn                z - +5 ring of evasion
MPRegen 0.12/turn                (no ring)

@: berserking (expiring), slowed
A: sickness immunity, AC +8, negative energy resistance 1, electricity
resistance, torment resistance 1, petrification resistance, clumsy 1,
deterioration 1, frail 1
a: Renounce Religion, Berserk, Trog's Hand, Brothers in Arms


You were in the Dungeon.
You worshipped Trog.
Trog was extremely pleased with you.
You visited 1 branch You collected 1623 gold pieces.
You spent 610 gold pieces at shops.

Inventory:

Hand Weapons
 a - a +0 long sword
 b - a +2 falchion of flaming (weapon)
Missiles
 p - 2 poisoned darts (quivered)
Armour
 c - a +0 buckler (worn)
 n - a +0 chain mail
 t - a +3 ring mail (worn)
 x - a +0 helmet (worn)
 A - a +0 cloak (worn)
Jewellery
 f - a ring of ice
 m - a ring of protection from fire
 z - a +5 ring of evasion (left hand)
Scrolls
 e - 5 scrolls of identify {unknown}
 j - a scroll of enchant weapon {unknown}
 l - 3 scrolls of magic mapping {unknown}
 r - a scroll of brand weapon {unknown}
 s - a scroll of acquirement {unknown}
Potions
 d - 2 potions of curing
 g - 2 potions of haste
 h - 5 potions of magic
 i - 4 potions of mutation {unknown}
 k - 5 potions of flight
 o - a potion of cancellation {unknown}
 q - 3 potions of resistance {unknown}
 v - a potion of invisibility {unknown}
 w - a potion of degeneration {unknown}


   Skills:
 * Level 16.1 Fighting
 - Level 14.2 Long Blades
 + Level 14.4 Armour
 + Level 9.6 Dodging
 - Level 0.2 Stealth
 + Level 9.7 Shields


You had 10 spell levels left.
You didn't know any spells.
Your spell library was empty.

Dungeon Overview and Level Annotations

Branches:
Dungeon (1/1)

Altars:
Cheibriados
Dithmenos
Elyvilon
Fedhas
Gozag
Hepliaklqana
Kikubaaqudgha
Makhleb
Nemelex Xobeh
Okawaru
Qazlal
Ru
Sif Muna
Trog
Uskayaw
Vehumet
Wu Jian
Xom
Yredelemnul
Zin
The Shining One
Jiyva
Lugonu

Shops:
D =[:*:(*!=((:?*([!!((![[?[*=

Annotations:
D exclusion: oklob plant


Innate Abilities, Weirdness & Mutations

You are immune to sickness and miasma.
Your stone body is resilient. (AC +8)
You are immune to poison.
You resist negative energy. (rN+)
You are resistant to electric shocks. (rElec)
You are resistant to unholy torment.
You are immune to petrification.
You are clumsy. (Dex -2)
Your body sometimes deteriorates upon taking damage.
You are frail. (-10% HP)


Message History

The cacodemon is moderately wounded.
You hit the cacodemon but do no damage.
The cacodemon is moderately wounded.
You hit the cacodemon but do no damage.
The cacodemon is moderately wounded.
You block the cacodemon's attack.
The cacodemon hits you but does no damage.
You hit the cacodemon. You burn the cacodemon.
The cacodemon is moderately wounded.
You hit the cacodemon. You burn the cacodemon.
The cacodemon is moderately wounded.
The cacodemon hits you. The cacodemon completely misses you.
You slash the cacodemon! You burn the cacodemon.
The cacodemon is heavily wounded.
You closely miss the cacodemon.
The cacodemon is heavily wounded.
The cacodemon gestures at you.
You feel yourself slow down. The golden dragon breathes fire at you.
The bolt of fire hits you!!!
* * * LOW HITPOINT WARNING * * *
The bone dragon misses you.
The bone dragon claws you but does no damage.
The bone dragon completely misses you.
You hit the cacodemon. You burn the cacodemon.
The cacodemon is heavily wounded.
You hit the cacodemon. You burn the cacodemon.
The cacodemon is severely wounded.
The golden dragon bites you!
* * * LOW HITPOINT WARNING * * *
The golden dragon barely misses you.
The golden dragon tramples you but does no damage.
The bone dragon bites you!
* * * LOW HITPOINT WARNING * * *
Your body deteriorates!
You feel dopey. The bone dragon claws you.
* * * LOW HITPOINT WARNING * * *
The bone dragon completely misses you. The cacodemon misses you.
The cacodemon hits you!
You die...

D..2...~##≈§§§§≈≈# #...▓
#######~~#§'§#'°'## #[°▓
######~~~.........# #))▓
..∩.∩#~~D~.##'##..# #|)▓
.∩.∩.#~~~~##°..##.#### +.##.#")▓
∩.∩..#~~~~#..##)#....# ...####▓
.∩.[.#~~#D####)#..#..## #^.# $#▓
∩....#~##..##'#D..##..# +..# y#▓
.∩...#~#..#.#.CD@..#..# #.^# .#▓
..∩..'~+##.+e<.2##.'..####..##.#▓
.∩.∩[#)#..###.##...#....###S..##▓
▓▓▓###~##.# #'.##.##..§...~~~~~~~
######~~####.#..###~~..§..~#'####
#S ##~~~#.###.#~~~~~~~..~#.....
+S +#§## ##~~~~~~§~.~#...._ #$#
§§# #~§~≈≈§~~~~~#..._. ## §~
~§~~~~§≈≈≈~~~#.._._


You could see a bone dragon, a golden dragon, a frost giant, a cacodemon and a
deep elf high priest.

Vanquished Creatures
  A yaktaur captain (D)
  An ice dragon (D)
  A centaur warrior (D)
  2 hell hogs (D)
  A skeletal warrior (D)
  2 slime creatures (D)
  2 cane toads (D)
  A yaktaur (D)
  A polar bear (D)
  12 flying skulls (D)
  2 wyverns (D)
  3 neqoxecs (D)
  Menkaure (D)
  4 water moccasins (D)
  5 necrophages (D)
  4 scorpions (D)
  An iron imp (D)
  A spectral adder (D)
  A spectral ball python (D)
46 creatures vanquished.

Vanquished Creatures (collateral kills)
  Kirke (D)
  An elephant (D)
  A kobold demonologist (D)
3 creatures vanquished.

Vanquished Creatures (others)
  A neqoxec (D)
  4 tentacles (D)
5 creatures vanquished.

Grand Total: 54 creatures vanquished

Notes
Turn   | Place    | Note
-------+----------+-------------------------------------------
     0 | D        | dialectric the Gargoyle Fighter began the quest for the
                  | Orb.
     0 | D        | Reached XP level 1. HP: 14/14 MP: 1/1
     8 | D        | Noticed a scorpion
     8 | D        | Noticed a scorpion
    16 | D        | Killed a scorpion
    17 | D        | Reached skill level 5 in Fighting
    17 | D        | Reached skill level 5 in Armour
    17 | D        | Reached skill level 5 in Shields
    17 | D        | Reached XP level 2. HP: 12/22 MP: 2/2
    17 | D        | Reached XP level 3. HP: 15/27 MP: 3/3
    18 | D        | Killed a scorpion
    19 | D        | Reached skill level 6 in Fighting
    19 | D        | Reached XP level 4. HP: 19/32 MP: 4/4
    21 | D        | Noticed a necrophage
    21 | D        | Noticed a necrophage
    21 | D        | Noticed a necrophage
    21 | D        | Noticed a necrophage
    27 | D        | Noticed a water moccasin
    28 | D        | Killed a necrophage
    29 | D        | Reached skill level 7 in Fighting
    29 | D        | Reached XP level 5. HP: 19/38 MP: 5/5
    32 | D        | Reached skill level 8 in Fighting
    32 | D        | Reached skill level 5 in Long Blades
    32 | D        | Reached XP level 6. HP: 19/44 MP: 6/6
    32 | D        | Noticed Menkaure
    44 | D        | Killed a water moccasin
    45 | D        | Reached XP level 7. HP: 37/49 MP: 7/7
    45 | D        | Killed Menkaure
    49 | D        | Noticed a wyvern
    49 | D        | Noticed a wyvern
    53 | D        | Killed a wyvern
    54 | D        | Reached skill level 10 in Long Blades
    57 | D        | Killed a wyvern
    63 | D        | Reached XP level 8. HP: 10/54 MP: 8/8
    87 | D        | Gained mutation: Your body sometimes deteriorates upon
                  | taking damage. [a neqoxec]
    90 | D        | Gained mutation: You are clumsy. (Dex -2) [a neqoxec]
   106 | D        | Found a snail-covered altar of Cheibriados.
   107 | D        | Found a shadowy altar of Dithmenos.
   107 | D        | Found a viscous altar of Jiyva.
   108 | D        | Found a white marble altar of Elyvilon.
   108 | D        | Found an ancient bone altar of Kikubaaqudgha.
   109 | D        | Found a blossoming altar of Fedhas.
   109 | D        | Found a corrupted altar of Lugonu.
   109 | D        | Found a shimmering blue altar of Sif Muna.
   110 | D        | Found an opulent altar of Gozag.
   110 | D        | Found a burning altar of Makhleb.
   110 | D        | Found a bloodstained altar of Trog.
   111 | D        | Found a sparkling altar of Nemelex Xobeh.
   111 | D        | Found a hide-covered altar of Uskayaw.
   112 | D        | Found a basalt altar of Yredelemnul.
   113 | D        | Found an iron altar of Okawaru.
   113 | D        | Found a radiant altar of Vehumet.
   113 | D        | Found a glowing silver altar of Zin.
   113 | D        | Found a hazy altar of Hepliaklqana.
   113 | D        | Found a sacrificial altar of Ru.
   113 | D        | Found a shimmering altar of Xom.
   114 | D        | Found a stormy altar of Qazlal.
   114 | D        | Found an ornate altar of the Wu Jian Council.
   114 | D        | Found a glowing golden altar of the Shining One.
   119 | D        | Became a worshipper of Trog the Wrathful
   222 | D        | Noticed a kraken
   342 | D        | Noticed a yaktaur
   342 | D        | Noticed a hornet
   342 | D        | Noticed a polar bear
   342 | D        | Noticed a polar bear
   370 | D        | Found Weqirugg's Magic Scroll Shoppe.
   370 | D        | Found Joul Kuy's General Store.
   370 | D        | Found Deff's Antique Weapon Shoppe.
   371 | D        | Found Omihen's Distillery.
   371 | D        | Found Heirek's Magic Scroll Shoppe.
   371 | D        | Found Wehuifeusa's Distillery.
   371 | D        | Found Deud's Antique Armour Shoppe.
   371 | D        | Found Mecheeq's Book Emporium.
   371 | D        | Found Qiuc's Antique Armour Shoppe.
   371 | D        | Found Kuinn's Armour Emporium.
   371 | D        | Found Ifearog's Jewellery Shoppe.
   371 | D        | Found Menlop's Antique Armour Emporium.
   386 | D        | Reached skill level 10 in Armour
   407 | D        | Found Wuirph's Jewellery Shoppe.
   407 | D        | Found Goidikes's Distillery.
   408 | D        | Noticed an iron elemental
   408 | D        | Noticed an oklob plant
   409 | D        | Found Woce's Book Shoppe.
   442 | D        | Killed a yaktaur
   442 | D        | Reached * piety under Trog
   443 | D        | Reached XP level 9. HP: 43/60 MP: 9/9
   507 | D        | Bought a +0 helmet for 49 gold pieces
   540 | D        | Killed a polar bear
   541 | D        | Reached skill level 9 in Fighting
   569 | D        | Bought a scroll of blinking for 75 gold pieces
   580 | D        | Bought a +5 ring of evasion for 396 gold pieces
   582 | D        | Bought a cloak for 90 gold pieces
   705 | D        | Reached ** piety under Trog
   765 | D        | Reached skill level 10 in Fighting
   787 | D        | Reached *** piety under Trog
   858 | D        | Reached skill level 11 in Fighting
   858 | D        | Reached XP level 10. HP: 31/69 MP: 10/10
   901 | D        | Reached **** piety under Trog
   905 | D        | Reached skill level 5 in Dodging
  1111 | D        | Noticed Kirke
  1111 | D        | Noticed a yaktaur captain
  1111 | D        | Noticed a skeletal warrior
  1111 | D        | Noticed a kobold demonologist
  1112 | D        | Noticed an elephant
  1143 | D        | Killed a skeletal warrior
  1144 | D        | Reached skill level 12 in Fighting
  1146 | D        | Killed a yaktaur captain
  1146 | D        | Reached ***** piety under Trog
  1161 | D        | Killed Kirke
  1162 | D        | Reached skill level 13 in Fighting
  1162 | D        | Killed an elephant
  1163 | D        | Killed a kobold demonologist
  1164 | D        | Reached XP level 11. HP: 45/79 MP: 11/11
  1294 | D        | Noticed a centaur warrior
  1298 | D        | Reached skill level 14 in Fighting
  1329 | D        | Received a gift from Trog
  1340 | D        | Killed a centaur warrior
  1594 | D        | Noticed a hell hog
  1594 | D        | Noticed a hell hog
  1609 | D        | Killed a hell hog
  1610 | D        | Reached skill level 15 in Fighting
  1617 | D        | Killed a hell hog
  1861 | D        | Noticed an ice dragon
  1882 | D        | Killed an ice dragon
  1883 | D        | Reached skill level 16 in Fighting
  1910 | D        | Found Ceufosip's Jewellery Emporium.
  1910 | D        | Found Qumaopym's Antique Armour Shop.
  1911 | D        | Found Cylunoz's General Store.
  1911 | D        | Found Nocsor's Weapon Shoppe.
  1911 | D        | Found Onai's Weapon Boutique.
  1911 | D        | Found Vowkuedi's Assorted Antiques.
  1911 | D        | Found Menitauc's Antique Weapon Shop.
  1911 | D        | Found Louzukh's Book Shoppe.
  1911 | D        | Found Kacuz's General Store.
  1911 | D        | Found Muul's Antique Weapon Emporium.
  1911 | D        | Found Ysouv's Antique Weapon Shop.
  1911 | D        | Found Kiasaitz's Distillery.
  2104 | D        | Noticed a golden dragon
  2104 | D        | Noticed a cacodemon
  2104 | D        | Noticed a storm dragon
  2105 | D        | Noticed a deep elf high priest
  2105 | D        | Noticed a frost giant
  2106 | D        | Noticed a bone dragon
  2122 | D        | Gained mutation: You are frail. (-10% HP) [a cacodemon]
  2140 | D        | HP: 3/111 [bone dragon (14)]
  2140 | D        | Slain by a cacodemon

Illustrated notes

Levels and vault maps discovered:
D:        the_violet_keep_of_menkaure [sprint2_stairs_cluster_1,
          sprint2_shoproom, sprint2_temple, sprint2_basic_supplies,
          sprint2_obstacle_4, sprint2_obstacle_2, sprint2_obstacle_1,
          sprint2_obstacle_6, sprint2_obstacle_7, sprint2_timed_cluster_1,
          sprint2_smallroom_cluster_1, sprint2_smallroom_final_cluster_1,
          sprint2_transparent_cluster_1, sprint2_second_timed_cluster_1,
          sprint2_sniper_area_1, sprint2_heavy_combat_area_1,
          sprint2_mutation_trap_area_1, sprint2_forest_area_1,
          sprint2_light_combat_area_1, sprint2_behind_water_1,
          sprint2_near_end_vault_1]

Skill      XL: |  1  2  3  4  5  6  7  8  9 10 11 |
---------------+----------------------------------+-----
Fighting       | 5 6 7 8 11 13 16 | 16.1
Long Blades    | 3 4 5 8 11 13 14 | 14.2
Armour         | 5 6 7 8 9 10 12 14 | 14.4
Shields        | 5 6 8 9 |  9.7
Dodging        | 2 3 4 8 9 |  9.6
Stealth        | |  0.2

Action                     |  1- 3 |  4- 6 |  7- 9 | 10-12 || total
---------------------------+-------+-------+-------+-------++-------
  Melee: Long sword        |     9 |    21 |   272 |   143 ||   445
         Punch             |       |       |     1 |       ||     1
         Falchion          |       |       |       |    78 ||    78
 Invoke: Berserk           |       |       |     1 |     6 ||     7
         Brothers in Arms  |       |       |       |     1 ||     1
         Trog's Hand       |       |       |       |     1 ||     1
    Use: Potion            |     1 |     1 |     5 |     2 ||     9
         Scroll            |       |       |     1 |     1 ||     2
 Armour: Scale mail        |     6 |     7 |    29 |       ||    42
         Ring mail         |       |       |    73 |    69 ||   142
  Dodge: Dodged            |     3 |     7 |   145 |   124 ||   279
  Block: Buckler           |       |       |    24 |    40 ||    64

Table legend: (Time is in decaauts)
 A = Elapsed time spent in this place.
 B = Non-inter-level travel time spent in this place.
 C = Inter-level travel time spent in this place.
 D = Time resting spent in this place.
 E = Time spent auto-exploring this place.
 F = Levels seen in this place.
 G = Mean time per level.
                   A        B        C        D        E       F      G
               +--------+--------+--------+--------+--------+-----+--------+
         Total |   2046 |   2046 |      0 |    844 |    265 |   1 | 2046.0 |
       Dungeon |   2046 |   2046 |      0 |    844 |    265 |   1 | 2046.0 |
               +--------+--------+--------+--------+--------+-----+--------+

Top non-repeatable levels by time:
       D: 2046 daAuts
